MID
PEORIA CHIEFS @ DAYTON DRAGONS
05/01/2048
 
TOP OF THE 1ST
Peoria Chiefs batting - Pitching for Dayton Dragons : LHP Jason St. Clair
Pitching: LHP Jason St. Clair
Batting: RHB Bobby Miles 0-0: Ball
1-0: Ball
2-0: Swinging Strike
2-1: Foul Ball, location: 2F
2-2: Foul Ball, location: 2F
2-2: Strikes out swinging
Batting: RHB Tommy Tracy 0-0: Ball
1-0: Called Strike
1-1: Ball
2-1: Ball
3-1: Swinging Strike
3-2: Fly out, F3 (Popup, 3L, EV 70.0 MPH)
Batting: SHB Gerardo Macias 0-0: Ball
1-0: Foul Ball, location: 2F
1-1: Ground out 6-3 (Groundball, 6, EV 88.1 MPH)
Top of the 1st over - 0 runs, 0 hits, 0 errors, 0 left on base; Peoria 0 - Dayton 0
BOTTOM OF THE 1ST
Dayton Dragons batting - Pitching for Peoria Chiefs : RHP Nick Butler
Pitching: RHP Nick Butler
Batting: LHB Matt Kennedy 0-0: Fly out, F9 (Flyball, 9LD, EV 79.4 MPH)
Batting: LHB Chris Redhead 0-0: Ball
1-0: Foul Ball, location: 2F
1-1: Ground out U3 (Groundball, 34, EV 78.8 MPH)
Batting: RHB Andy Bachman 0-0: Ball
1-0: Reached on error, E6 (Groundball, 6, EV 84.4 MPH)
Batting: LHB Ray Walden 0-0: Foul Ball, location: 2F
0-1: Foul Ball, location: 2F
0-2: Strikes out looking
Bottom of the 1st over - 0 runs, 0 hits, 1 error, 1 left on base; Peoria 0 - Dayton 0
TOP OF THE 2ND
Peoria Chiefs batting - Pitching for Dayton Dragons : LHP Jason St. Clair
Batting: RHB Edgar Landim 0-0: Foul Ball, location: 2F
0-1: Ball
1-1: SOLO HOME RUN (Flyball, 78XD, EV 110.0 MPH), Distance : 418 ft
Batting: RHB Robby Hickman 0-0: Called Strike
0-1: Ball
1-1: Ground out 6-3 (Groundball, 56, EV 79.4 MPH)
Batting: LHB Ken Morehead 0-0: Ball
1-0: Called Strike
1-1: Foul Ball, location: 2F
1-2: Ball
2-2: Ground out 1-3 (Groundball, 13, EV 65.0 MPH)
Batting: SHB Hank Arias 0-0: Foul Ball, location: 2F
0-1: Foul Ball, location: 2F
0-2: Ball
1-2: Strikes out swinging
Top of the 2nd over - 1 run, 1 hit, 0 errors, 0 left on base; Peoria 1 - Dayton 0
BOTTOM OF THE 2ND
Dayton Dragons batting - Pitching for Peoria Chiefs : RHP Nick Butler
Batting: RHB Mark Williams 0-0: Called Strike
0-1: Ball
1-1: Called Strike
1-2: Ball
2-2: Fly out, F2 (Popup, 5SF, EV 78.8 MPH)
Batting: RHB Chris Zamora 0-0: Called Strike
0-1: Ball
1-1: Ball
2-1: Fly out, F7 (Line Drive, 78D, EV 89.4 MPH)
Batting: RHB Juan Zamora 0-0: Ball
1-0: Ball
2-0: Foul Ball, location: 2F
2-1: Foul Ball, location: 2F
2-2: Ground out 6-3 (Groundball, 6S, EV 80.6 MPH)
Bottom of the 2nd over - 0 runs, 0 hits, 0 errors, 0 left on base; Peoria 1 - Dayton 0
TOP OF THE 3RD
Peoria Chiefs batting - Pitching for Dayton Dragons : LHP Jason St. Clair
Batting: RHB Herbert Loveless 0-0: Ground out 1-3 (Groundball, 34S, EV 63.8 MPH)
Batting: RHB Richard Riggs 0-0: Ball
1-0: Called Strike
1-1: Foul Ball, location: 2F
1-2: Ball
2-2: Foul Ball, location: 2F
2-2: Foul Ball, location: 2F
2-2: Ball
3-2: Foul Ball, location: 2F
3-2: Ground out 6-3 (Groundball, 6M, EV 81.9 MPH)
Batting: RHB Bobby Miles 0-0: Ball
1-0: Ball
2-0: Ball
3-0: Foul Ball, location: 2F
3-1: Base on Balls
Batting: RHB Tommy Tracy 0-0: Ball
1-0: Called Strike
1-1: Ball
2-1: Swinging Strike
2-2: Foul Ball, location: 2F
2-2: Fly out, F8 (Flyball, 89M, EV 96.9 MPH)
Top of the 3rd over - 0 runs, 0 hits, 0 errors, 1 left on base; Peoria 1 - Dayton 0
BOTTOM OF THE 3RD
Dayton Dragons batting - Pitching for Peoria Chiefs : RHP Nick Butler
Batting: RHB Ernie Maldonado 0-0: Foul Ball, location: 2F
0-1: Ball
1-1: Foul Ball, location: 2F
1-2: Fly out, F7 (Flyball, 7LMF, EV 108.1 MPH)
Batting: RHB Yutaka Sato 0-0: Foul Ball, location: 2F
0-1: Ball
1-1: Foul Ball, location: 2F
1-2: SINGLE (Groundball, 56S, EV 73.8 MPH) (infield hit)
Batting: LHB Matt Kennedy 0-0: SINGLE (Groundball, 4MD, EV 103.8 MPH)
Yutaka Sato to second
Batting: LHB Chris Redhead 0-0: SINGLE (Groundball, 6MD, EV 104.4 MPH)
Yutaka Sato to third
Matt Kennedy to second
Batting: RHB Andy Bachman 0-0: SINGLE (Line Drive, 9S, EV 88.8 MPH)
Yutaka Sato scores
Matt Kennedy to third
Chris Redhead to second
Runner from 3rd tries for Home, SAFE, throw by RF to home
Batting: LHB Ray Walden 0-0: Ball
Passed Ball!
Chris Redhead to third
Andy Bachman to second
1-0: Ground out 6-3 (Groundball, 56, EV 88.1 MPH)
Chris Redhead scores
Batting: RHB Mark Williams 0-0: Fly out, F8 (Flyball, 8LM, EV 90.6 MPH)
Bottom of the 3rd over - 3 runs, 4 hits, 0 errors, 1 left on base; Peoria 1 - Dayton 3
TOP OF THE 4TH
Peoria Chiefs batting - Pitching for Dayton Dragons : LHP Jason St. Clair
Batting: SHB Gerardo Macias 0-0: Called Strike
0-1: Swinging Strike
0-2: Ball
1-2: Ball
2-2: Strikes out swinging
Batting: RHB Edgar Landim 0-0: Ball
1-0: Ball
2-0: Foul Ball, location: 2F
2-1: SINGLE (Groundball, 6M, EV 104.4 MPH)
Batting: RHB Robby Hickman 0-0: Ball
1-0: Foul Ball, location: 2F
1-1: Swinging Strike
1-2: Strikes out swinging
Batting: LHB Ken Morehead 0-0: Ball
1-0: Called Strike
1-1: Called Strike
1-2: Strikes out swinging
Top of the 4th over - 0 runs, 1 hit, 0 errors, 1 left on base; Peoria 1 - Dayton 3
BOTTOM OF THE 4TH
Dayton Dragons batting - Pitching for Peoria Chiefs : RHP Nick Butler
Batting: RHB Chris Zamora 0-0: Called Strike
0-1: Called Strike
0-2: Ball
1-2: Ball
2-2: Foul Ball, location: 2F
2-2: Fly out, F8 (Flyball, 8RS, EV 83.1 MPH)
Batting: RHB Juan Zamora 0-0: Foul Ball, location: 2F
0-1: Ground out 6-3 (Groundball, 6S, EV 87.5 MPH)
Batting: RHB Ernie Maldonado 0-0: Ball
1-0: Called Strike
1-1: Foul Ball, location: 2F
1-2: DOUBLE (Line Drive, 78M, EV 90.0 MPH)
Batting: RHB Yutaka Sato 0-0: Ball
1-0: Swinging Strike
1-1: Ground out 3-1 (Groundball, 34S, EV 85.6 MPH)
Bottom of the 4th over - 0 runs, 1 hit, 0 errors, 1 left on base; Peoria 1 - Dayton 3
TOP OF THE 5TH
Peoria Chiefs batting - Pitching for Dayton Dragons : LHP Jason St. Clair
Batting: SHB Hank Arias 0-0: Called Strike
0-1: Ball
1-1: Swinging Strike
1-2: Ball
2-2: Ground out 1-3 (Groundball, 23, EV 71.9 MPH)
Batting: RHB Herbert Loveless 0-0: Ball
1-0: Ball
2-0: Ground out 6-3 (Groundball, 6MD, EV 85.6 MPH)
Batting: RHB Richard Riggs 0-0: Ball
1-0: Ball
2-0: Swinging Strike
2-1: Swinging Strike
2-2: Strikes out swinging
Top of the 5th over - 0 runs, 0 hits, 0 errors, 0 left on base; Peoria 1 - Dayton 3
BOTTOM OF THE 5TH
Dayton Dragons batting - Pitching for Peoria Chiefs : RHP Nick Butler
Batting: LHB Matt Kennedy 0-0: Swinging Strike
0-1: Swinging Strike
0-2: Ball
1-2: Ball
2-2: Foul Ball, location: 2F
2-2: Hit by Pitch
Batting: LHB Chris Redhead 0-0: Called Strike
0-1: Ball
1-1: Called Strike
1-2: SINGLE (Groundball, 34D, EV 108.1 MPH)
Matt Kennedy to second
Batting: RHB Andy Bachman 0-0: Called Strike
0-1: Foul Ball, location: 2F
0-2: Ball
1-2: Ball
2-2: Strikes out looking
Batting: LHB Ray Walden 0-0: Ball
1-0: Foul Ball, location: 2F
1-1: Ball
2-1: Ball
3-1: Grounds out, U3 (Groundball, 3L, EV 108.8 MPH)
Matt Kennedy to third
Batting: RHB Mark Williams 0-0: Ground out 4-3 (Groundball, 4, EV 85.0 MPH)
Bottom of the 5th over - 0 runs, 1 hit, 0 errors, 2 left on base; Peoria 1 - Dayton 3
TOP OF THE 6TH
Peoria Chiefs batting - Pitching for Dayton Dragons : LHP Jason St. Clair
Batting: RHB Bobby Miles 0-0: Ball
1-0: Foul Ball, location: 2F
1-1: Foul Ball, location: 2F
1-2: Foul Ball, location: 2F
1-2: Ball
2-2: Foul Ball, location: 2F
2-2: Foul Ball, location: 2F
2-2: Strikes out swinging
Batting: RHB Tommy Tracy 0-0: Called Strike
0-1: Ball
1-1: Called Strike
1-2: Strikes out swinging
Batting: SHB Gerardo Macias 0-0: Ground out 6-3 (Groundball, 6, EV 82.5 MPH)
Top of the 6th over - 0 runs, 0 hits, 0 errors, 0 left on base; Peoria 1 - Dayton 3
BOTTOM OF THE 6TH
Dayton Dragons batting - Pitching for Peoria Chiefs : RHP Nick Butler
Batting: RHB Chris Zamora 0-0: Ball
1-0: Foul Ball, location: 2F
1-1: Ground out 5-3 (Groundball, 56, EV 86.9 MPH)
Batting: RHB Juan Zamora 0-0: Ball
1-0: Foul Ball, location: 2F
1-1: Swinging Strike
1-2: Strikes out looking
Batting: RHB Ernie Maldonado 0-0: Ground out 4-3 (Groundball, 4M, EV 96.2 MPH)
Bottom of the 6th over - 0 runs, 0 hits, 0 errors, 0 left on base; Peoria 1 - Dayton 3
TOP OF THE 7TH
Peoria Chiefs batting - Pitching for Dayton Dragons : LHP Jason St. Clair
Pitching: RHP Jose Marrero
Now at 1B: Mark Williams
Now at 2B: Yutaka Sato
Now at SS: Juan Zamora
Now in CF: Gabe Morales
Batting: RHB Edgar Landim 0-0: Swinging Strike
0-1: Ball
1-1: SINGLE (Groundball, 4D, EV 103.8 MPH)
Batting: RHB Robby Hickman 0-0: Ball
1-0: Fly out, F4 (Popup, 34S, EV 79.4 MPH)
Batting: LHB Ken Morehead 0-0: Foul Ball, location: 2F
0-1: Ball
1-1: Ball
2-1: Ground out U3 (Groundball, 34S, EV 63.8 MPH)
Edgar Landim to second
Batting: SHB Hank Arias 0-0: Called Strike
0-1: Ball
1-1: Ground out 1-3 (Groundball, 15S, EV 75.6 MPH)
Top of the 7th over - 0 runs, 1 hit, 0 errors, 1 left on base; Peoria 1 - Dayton 3
BOTTOM OF THE 7TH
Dayton Dragons batting - Pitching for Peoria Chiefs : RHP Nick Butler
Batting: RHB Yutaka Sato 0-0: Called Strike
0-1: Ball
1-1: Foul Ball, location: 2F
1-2: Foul Ball, location: 2F
1-2: Ball
2-2: Fly out, F8 (Flyball, 8LD, EV 104.4 MPH)
Pitching: LHP Jake Hall
Batting: LHB Matt Kennedy 0-0: Foul Ball, location: 2F
0-1: Ball
1-1: DOUBLE (Groundball, 3L, EV 99.4 MPH)
Batting: LHB Chris Redhead 0-0: Foul Ball, location: 2F
0-1: Foul Ball, location: 2F
0-2: Foul Ball, location: 2F
0-2: Strikes out swinging
Batting: RHB Andy Bachman 0-0: Ball
Wild Pitch!
Matt Kennedy to third
1-0: SINGLE (Flyball, 6D, EV 90.0 MPH)
Matt Kennedy scores
Pinch Hitting: RHB Travis Petrick 0-0: Swinging Strike
0-1: Foul Ball, location: 2F
0-2: Ball
1-2: Ball
2-2: Ball
3-2: Base on Balls
Andy Bachman to second
Batting: RHB Mark Williams 0-0: Foul Ball, location: 2F
0-1: Ground out 1-3 (Groundball, 34S, EV 72.5 MPH)
Bottom of the 7th over - 1 run, 2 hits, 0 errors, 2 left on base; Peoria 1 - Dayton 4
TOP OF THE 8TH
Peoria Chiefs batting - Pitching for Dayton Dragons : RHP Jose Marrero
Pitching: RHP Ken Armstrong
Now in CF: Leo Gomez
Now in RF: Tim Kirk
Batting: RHB Herbert Loveless 0-0: Foul Ball, location: 2F
0-1: Ball
1-1: Fly out, F8 (Flyball, 8LXD, EV 107.5 MPH)
Batting: RHB Richard Riggs 0-0: TRIPLE (Flyball, 89XD, EV 89.4 MPH)
Batting: RHB Bobby Miles 0-0: Foul Ball, location: 2F
0-1: Foul Ball, location: 2F
0-2: Strikes out looking
Batting: RHB Tommy Tracy 0-0: Ball
1-0: Called Strike
1-1: Fly out, F7 (Flyball, 78M, EV 76.2 MPH)
Top of the 8th over - 0 runs, 1 hit, 0 errors, 1 left on base; Peoria 1 - Dayton 4
BOTTOM OF THE 8TH
Dayton Dragons batting - Pitching for Peoria Chiefs : LHP Jake Hall
Pitching: RHP Steve Pierson
Batting: RHB Chris Zamora 0-0: Called Strike
0-1: Called Strike
0-2: Foul Ball, location: 2F
0-2: Fly out, F7 (Flyball, 8LS, EV 80.0 MPH)
Batting: RHB Juan Zamora 0-0: Called Strike
0-1: Ball
1-1: Foul Ball, location: 2F
1-2: Foul Ball, location: 2F
1-2: Strikes out swinging
Batting: RHB Ernie Maldonado 0-0: Called Strike
0-1: Foul Ball, location: 2F
0-2: Ball
1-2: Ball
2-2: Foul Ball, location: 2F
2-2: Ball
3-2: Base on Balls
Batting: RHB Yutaka Sato 0-0: Ball
1-0: Called Strike
1-1: Ball
Ernie Maldonado steals 2nd, throwing error, E2
Ernie Maldonado to third
2-1: Swinging Strike
2-2: Strikes out looking
Bottom of the 8th over - 0 runs, 0 hits, 1 error, 1 left on base; Peoria 1 - Dayton 4
TOP OF THE 9TH
Peoria Chiefs batting - Pitching for Dayton Dragons : RHP Ken Armstrong
Pitching: RHP Juan Hernandez
Batting: SHB Gerardo Macias 0-0: Ball
1-0: Foul Ball, location: 2F
1-1: Swinging Strike
1-2: Strikes out looking
Batting: RHB Edgar Landim 0-0: Called Strike
0-1: DOUBLE (Flyball, 78D, EV 91.9 MPH)
Batting: RHB Robby Hickman 0-0: Ball
1-0: Ball
2-0: SINGLE (Groundball, 34D, EV 103.1 MPH)
Edgar Landim to third
Batting: LHB Ken Morehead 0-0: Ball
1-0: Foul Ball, location: 2F
1-1: Foul Ball, location: 2F
1-2: Strikes out looking
Batting: SHB Hank Arias 0-0: Ball
1-0: Foul Ball, location: 2F
1-1: Swinging Strike
1-2: Strikes out swinging
Top of the 9th over - 0 runs, 2 hits, 0 errors, 2 left on base; Peoria 1 - Dayton 4
Tuesday, March 28th , 2023 - OOTP Baseball 23.10 Build 110